 Dungeon Crawl Stone Soup version 0.22-a0-197-g4ac3794 (webtiles) character file.

70 vishdafish the Insei (level 4, 25/33 HPs)
             Began as a Demonspawn Transmuter on Feb 18, 2018.
             Quit the game on level 2 of the Dungeon.
             The game lasted 00:02:03 (1415 turns).

vishdafish the Insei (Demonspawn Transmuter)        Turns: 1415, Time: 00:02:03

Health: 25/33      AC:  3    Str: 10    XL:     4   Next: 4%
Magic:  7/7        EV: 12    Int: 16    God:
Gold:   99         SH:  0    Dex: 13    Spells: 6/7 levels left

rFire    . . .     SeeInvis .     - Unarmed
rCold    . . .     Gourm    .   (no shield)
rNeg     . . .     Faith    .   b - +0 robe
rPois    .         Spirit   .   (no helmet)
rElec    .         Reflect  .   k - +0 cloak
rCorr    .         Harm     .   (no gloves)
MR       .....                  (no boots)
Stlth    +.........             (no amulet)
HPRegen  0.11/turn              (no ring)
MPRegen  0.10/turn              (no ring)

@: no status effects
A: spiny 2, rot immunity
a: no special abilities


You were on level 2 of the Dungeon.
You were near starving.

You visited 1 branch of the dungeon, and saw 2 of its levels.

You collected 99 gold pieces.

Inventory:

Hand Weapons
 e - a +2 dagger of draining
Missiles
 a - 26 arrows
 f - 39 bolts
Armour
 b - a +0 robe (worn)
 k - a +0 cloak (worn)
Jewellery
 h - a +5 amulet of reflection {unknown}
Scrolls
 g - 2 scrolls of teleportation
 i - a scroll of identify {unknown}
 j - a scroll of remove curse {unknown}
Books
 c - a book of Changes

   Spells                             Type                      Level
   a - Beastly Appendage              Transmutation                1
   b - Sticks to Snakes               Transmutation                2
   c - Spider Form                    Transmutation/Poison         3
   d - Ice Form                       Ice/Transmutation            4
   e - Blade Hands                    Transmutation                5
Comestibles
 d - 2 rations


   Skills:
 + Level 1.8 Fighting
 + Level 1.1 Armour
 + Level 2.3 Dodging
 - Level 2.8 Unarmed Combat
 + Level 2.4 Spellcasting
 + Level 2.3 Transmutations


You had 6 spell levels left.
You knew the following spells:

 Your Spells              Type           Power        Failure   Level  Hunger
a - Beastly Appendage     Tmut           #.....       8%          1    #......


Dungeon Overview and Level Annotations

Branches:
Dungeon (2/15)

Altars:


Innate Abilities, Weirdness & Mutations

You are mostly covered in sharp spines.
You are immune to rotting.


Message History

You hit Jessica.
Jessica is severely wounded.
You hit Jessica.
Jessica is almost dead.
Jessica barely misses you.
You hit Jessica.
You kill Jessica!
You have reached level 4!
You feel clever.
Your demonic ancestry asserts itself...
You feel immune to rotting.
Things that are here:
a club; a robe You start resting.
You are near starving!
You see here a dagger of venom.
Things that are here:
a club; a robe
Things that are here:
a club; a robe Are you sure you want to abandon this character and quit the game? (Confirm with "yes".)

#.###..# #.#
#......# .#
#####.##
##.#### ##
#.....# ..
#..##.#### .
#......).##.#
#.###.#...#.#.#
#. #.#(.@....#
#. ..#...#.###
## ########.# #


There were no monsters in sight!

Vanquished Creatures
  Jessica (D:2)
  A gnoll (D:1)
  An ooze (D:1)
  A leopard gecko (D:2)
  3 hobgoblins (D:1)
  4 jackals (D:1)
  5 bats
  5 frilled lizards
  3 goblins (D:1)
  4 kobolds
  4 rats
32 creatures vanquished.

Notes
Turn   | Place    | Note
-------+----------+-------------------------------------------
     0 | D:1      | vishdafish the Demonspawn Transmuter began the quest for the Orb.
     0 | D:1      | Reached XP level 1. HP: 15/15 MP: 3/3
   393 | D:1      | Gained mutation: You are partially covered in sharp spines. [demonic ancestry]
   393 | D:1      | Reached XP level 2. HP: 21/21 MP: 5/5
  1117 | D:1      | Gained mutation: You are mostly covered in sharp spines. [demonic ancestry]
  1117 | D:1      | Reached XP level 3. HP: 22/26 MP: 6/6
  1280 | D:2      | Noticed Jessica
  1282 | D:2      | Reached skill level 1 in Armour
  1291 | D:2      | Killed Jessica
  1291 | D:2      | Gained mutation: You are immune to rotting. [demonic ancestry]
  1291 | D:2      | Reached XP level 4. HP: 12/33 MP: 7/7
  1415 | D:2      | Quit the game

Vault maps used:
D:1:      tarquinn_simple_flora_water_e
D:2:      uniq_jessica

Skill      XL: |  1  2  3 |
---------------+----------+-----
Dodging        | 2 |  2.3
Transmutations | 2 |  2.3
Armour         | 1 |  1.1
Fighting       | |  1.8
Unarmed Combat | |  2.8
Spellcasting   | |  2.4

Action                   |  1- 3 |  4- 6 || total
-------------------------+-------+-------++-------
Melee: Unarmed           |    87 |       ||    87
       Punch             |     1 |       ||     1
  Use: Scroll            |     1 |       ||     1
       Potion            |     2 |       ||     2
 Stab: Sleeping          |     2 |       ||     2
Armor: Robe              |    13 |       ||    13
Dodge: Dodged            |    47 |       ||    47

Table legend:
 A = Spawn XP
 B = Non-spawn XP
 C = Spawn XP percentage of total XP
 D = Spawn monster count
 E = Non-spawn monster count
 F = Spawn count percentage of total count
 G = Total turns spent on level
                    A         B        C        D         E        F      G
               +---------+---------+-------+---------+---------+-------+---------
         Total |       0 |     101 |   0.0 |       0 |      32 |   0.0 |  1415
               +---------+---------+-------+---------+---------+-------+---------
           D:1 |       0 |      54 |   0.0 |       0 |      24 |   0.0 |  1171
           D:2 |       0 |      47 |   0.0 |       0 |       8 |   0.0 |   244
               +---------+---------+-------+---------+---------+-------+---------
